 Dungeon Crawl Stone Soup version 0.32-a0-441-gaf4921d101 (webtiles) character file.

Game seed: 636903742078245760

619 Morbidden the Ruffian (level 7, 56/56 HPs)
             Began as a Purple Draconian Shapeshifter on Feb 23, 2024.
             Quit the game on level 4 of the Dungeon.
             The game lasted 00:02:59 (3575 turns).

Morbidden the Ruffian (DrSh)                        Turns: 3575, Time: 00:02:59

Health: 56/56      AC:  6    Str: 18    XL:     7   Next: 21%
Magic:  7/7        EV: 12    Int: 10    God:
Gold:   233        SH:  0    Dex: 11    Spells: 6/6 levels left

rFire   . .          .
                       - Unarmed
rCold   . . .        (no shield)
rNeg    . . .        (body armour unavailable)
rPois   .            (helmet currently unavailable)
rElec   .            (cloak currently unavailable)
rCorr   .            (gloves currently unavailable)
SInv    .            (boots currently unavailable)
Will    +....        (no amulet)
Stlth   ++           (no ring)
HPRegen 0.29/turn    (no ring)
MPRegen 0.10/turn

%: no passive effects
@: beast-form
A: beast (slay +2), breathe power, AC +6, unfitting armour, cold-blooded
a: Breathe Dispelling Energy, Begin Untransformation


You were on level 4 of the Dungeon.
You were a hulking beast.
You visited 1 branch of the dungeon, and saw 4 of its levels.

You collected 233 gold pieces.

Inventory:

Missiles
 f - 2 datura-tipped darts (quivered)
Armour
 e - a +0 pair of boots
Talismans
 b - a beast talisman (active)
 c - a flux talisman
Wands
 a - a wand of flame (15)
 m - a wand of polymorph (8)
Scrolls
 g - 2 scrolls of torment {unknown}
 h - 2 scrolls of teleportation {unknown}
 i - 6 scrolls of identify {unknown}
 j - a scroll of blinking {unknown}
 n - 3 scrolls of fear {unknown}
Potions
 d - a potion of curing
 l - a potion of haste {unknown}
 o - a potion of brilliance {unknown}
 p - a potion of cancellation {unknown}


   Skills:
 * Level 2.9 Fighting
 + Level 2.5 Dodging
 * Level 2.4 Stealth
 * Level 6.3 Unarmed Combat
 * Level 4.1 Shapeshifting


You had 6 spell levels left.
You didn't know any spells.
Your spell library contained the following spells:

 Spells                   Type           Power      Damage    Failure   Level
 Tukima's Dance           Hex            0%         N/A       75%         3
 Passage of Golubria      Tloc           0%         N/A       98%         4
 Yara's Violent Unravell  Hex/Alch       0%         3d3       100%        5


Dungeon Overview and Level Annotations

Branches:
Dungeon (4/15)
 Temple: D:4-7

Altars:
Nemelex Xobeh

Shops:
D:1 (   D:4 (


Innate Abilities, Weirdness & Mutations

You are a hulking beast.
Your limbs bulge with bestial killing power. (Slay +2)
You can breathe bolts of dispelling energy.
Your rich purple scales are hard. (AC +6)
You cannot fit into any form of body armour.
You are cold-blooded and may be slowed by cold attacks.


Message History

Press: ? - help, Shift-Dir - straight line, f - Ijyb
Aim: Ijyb, wielding a +0 club, wearing a +0 chain mail and carrying a wand of flame (asleep, 100% to hit)
You breathe a bolt of dispelling energy.
The bolt of dispelling energy hits Ijyb.
Ijyb is lightly wounded.
Ijyb shouts!
Ijyb zaps a wand.
The puff of flame hits you!
Unknown command.
You hit Ijyb but do no damage. You tail-slap Ijyb, but do no damage.
Ijyb is lightly wounded.
Ijyb grins evilly.
Ijyb hits you with a +0 club.
You closely miss Ijyb.
Ijyb is lightly wounded.
Ijyb hits you but does no damage.
You punch Ijyb!
Ijyb is moderately wounded.
Ijyb closely misses you.
You hit Ijyb but do no damage. You tail-slap Ijyb, but do no damage.
Ijyb is moderately wounded.
Ijyb barely misses you.
You hit Ijyb.
Your tail-slap misses Ijyb.
Ijyb is heavily wounded.
Ijyb zaps a wand.
The puff of flame hits you!
You hit Ijyb. You tail-slap Ijyb.
Ijyb is almost dead.
Ijyb hits you but does no damage.
You hit Ijyb.
You kill Ijyb!
No target in view!
No target in view!
You have got your breath back.
a - a wand of flame (15)
Things that are here:
a +0 club; a +0 chain mail
i - 6 scrolls labelled FEERAI WASHO (gained 1)
There is an open door here.
Key pressed, stopping explore.
Found a stone staircase leading up.
Are you sure you want to abandon this character and quit the game? (Confirm with "yes".)

########.............#
.......#.............#
######.#.............###########
#.#.###########...........#
#.#.# ########.#########.# #.#.#
#......#.# #.# #.#.# #.####.#.#
#.# ######.#.# #.##...#.# #.#
...)...#.# #.##h###.# #.#
########.# #.##..<#.# #.# #.#
#.######.# #.# #.# #........#
#.# #.#####################.#
#.......................#
#########################


There were no monsters in sight!

Vanquished Creatures
  Menkaure (D:4)
  A black bear (D:4)
  2 scorpions (D:4)
  A howler monkey (D:4)
  A hound (D:4)
  Natasha (thrice) (D:4)
  Ijyb (D:4)
  5 adders
  A dart slug (D:2)
  A ribbon worm (D:3)
  2 orcs (D:3)
  6 ball pythons
  7 endoplasms
  5 giant cockroaches
  5 goblins
  11 hobgoblins
  7 kobolds
  4 quokkas
  7 bats
  4 frilled lizards
  4 rats
79 creatures vanquished.

Notes
Turn   | Place    | Note
-------+----------+-------------------------------------------
     0 | D:1      | Morbidden the Draconian Shapeshifter began the quest for
                  | the Orb.
     0 | D:1      | Reached XP level 1. HP: 16/16 MP: 1/1
   238 | D:1      | Found a faded altar of an unknown god.
   246 | D:1      | Found Qeyrch Jevink's Weapon Boutique.
   301 | D:1      | Reached XP level 2. HP: 23/23 MP: 2/2
  1005 | D:2      | Reached XP level 3. HP: 20/28 MP: 3/3
  1187 | D:2      | Found a sparkling altar of Nemelex Xobeh.
  1488 | D:2      | Reached skill level 1 in Stealth
  1489 | D:2      | Reached XP level 4. HP: 31/36 MP: 4/4
  1896 | D:3      | Reached skill level 4 in Unarmed Combat
  2555 | D:4      | Noticed a scorpion
  2561 | D:4      | Noticed Natasha
  2567 | D:4      | Killed a scorpion
  2568 | D:4      | Reached XP level 5. HP: 31/41 MP: 5/5
  2588 | D:4      | Reached skill level 5 in Unarmed Combat
  2589 | D:4      | Killed Natasha
  2593 | D:4      | Reached XP level 6. HP: 20/50 MP: 6/6
  2870 | D:4      | Found Ipekobuo's Antique Weapon Shop.
  2872 | D:4      | Noticed Menkaure
  2892 | D:4      | Killed Menkaure
  3021 | D:4      | Noticed Natasha
  3025 | D:4      | Killed Natasha
  3069 | D:4      | Noticed Natasha
  3081 | D:4      | Killed Natasha
  3082 | D:4      | Reached skill level 6 in Unarmed Combat
  3163 | D:4      | Your scales start taking on a rich purple colour.
  3163 | D:4      | Reached XP level 7. HP: 45/56 MP: 7/7
  3341 | D:4      | Noticed Ijyb
  3352 | D:4      | Killed Ijyb
  3575 | D:4      | Quit the game

Illustrated notes

Levels and vault maps discovered:
D:1:      tarquinn_simple_flora_water_e, layout_loops_corners,
          nicolae_ecumenical_lake_church, serial_shops, shop,
          chequers_serial_rivers_large_b
D:2:      minmay_general_purpose_star, layout_basic, basic_altar
D:3:      layout_basic, minmay_starry_boxes
D:4:      layout_basic, serial_shops, shop, uniq_ijyb, uniq_menkaure,
          uniq_natasha

Skill      XL: |  1  2  3  4  5  6 |
---------------+-------------------+-----
Dodging        | 2 |  2.5
Stealth        | 1 2 |  2.4
Unarmed Combat | 4 5 6 |  6.3
Fighting       | 2 |  2.9
Shapeshifting  | 4 |  4.1

Action                     |  1- 3 |  4- 6 |  7- 9 || total
---------------------------+-------+-------+-------++-------
  Melee: Unarmed           |   108 |   125 |     7 ||   240
         Tailslap          |     7 |    10 |     3 ||    20
         Punch             |       |     2 |       ||     2
Ability: Breathe Dispellin |       |       |     1 ||     1
    Use: Potion            |       |     3 |       ||     3
   Stab: Sleeping          |       |     1 |       ||     1
 Armour: Skin              |    65 |    81 |     5 ||   151
  Dodge: Dodged            |    77 |    53 |     2 ||   132

Table legend: (Time is in decaauts)
 A = Elapsed time spent in this place.
 B = Non-inter-level travel time spent in this place.
 C = Inter-level travel time spent in this place.
 D = Time resting spent in this place.
 E = Time spent auto-exploring this place.
 F = Levels seen in this place.
 G = Mean time per level.
                   A        B        C        D        E       F      G
               +--------+--------+--------+--------+--------+-----+--------+
         Total |   3591 |   3536 |     55 |    375 |   2612 |   4 |  897.8 |
       Dungeon |   3591 |   3536 |     55 |    375 |   2612 |   4 |  897.8 |
               +--------+--------+--------+--------+--------+-----+--------+

Top non-repeatable levels by time:
     D:1: 1025 daAuts
     D:3: 937 daAuts
     D:4: 836 daAuts
     D:2: 793 daAuts
